 Dungeon Crawl Stone Soup version 0.17-a0-1849-g8a24fa2 (webtiles) character file.

82 Oddball22 the Stinger (level 4, -1/33 HPs)
             Began as a Demonspawn Venom Mage on Sept 18, 2015.
             Slain by an adder (3 damage)
             ... on level 2 of the Dungeon.
             The game lasted 00:07:12 (2913 turns).

Oddball22 the Stinger (Demonspawn Venom Mage)       Turns: 2913, Time: 00:07:13

Health: -1/33      AC:  2    Str:  8    XL:     4   Next: 21%
Magic:  2/7        EV: 12    Int: 17    God:
Gold:   76         SH:  0    Dex: 14    Spells: 3 memorised, 1 level left

rFire  . . .     SeeInvis .     n - -1 dagger (curse)
rCold  . . .     Clarity  .     a - +0 robe
rNeg   . . .     SustAt   .     (no shield)
rPois  .         Gourm    .     (no helmet)
rElec  .         Spirit   .     (no cloak)
rCorr  .         Warding  .     (no gloves)
rMut   .         Stasis   .     (no boots)
MR     .....                    (no amulet)
Stlth  ++........               (no ring)
                                (no ring)

@: lethally poisoned (-1 -> -5), not resistant to hostile enchantments,
unstealthy
A: hooves 1
a: no special abilities


You were on level 2 of the Dungeon.
You were hungry.

You visited 1 branch of the dungeon, and saw 2 of its levels.

You collected 76 gold pieces.

Inventory:

Hand weapons
 n - a cursed -1 dagger (weapon)
 q - a +0 halberd
Armour
 a - a +0 robe (worn)
Scrolls
 k - a scroll of fog
 l - a scroll of identify
Potions
 d - a potion of heal wounds {unknown}
 e - a potion of flight {unknown}
 f - 2 potions of agility
 g - a potion of resistance {unknown}
 h - a potion of haste
 m - a potion of cancellation {unknown}
Books
 b - a Young Poisoner's Handbook

   Spells                             Type                      Level
   a - Sting                          Conjuration/Poison           1
   b - Cure Poison                    Poison                       2
   c - Mephitic Cloud                 Conjuration/Poison/Air       3
   d - Olgreb's Toxic Radiance        Poison                       4
   e - Venom Bolt                     Conjuration/Poison           5
 j - a book of Summonings

   Spells                             Type                      Level
   a - Recall                         Summoning/Translocation      3
   b - Aura of Abjuration             Summoning                    5
   c - Shadow Creatures               Summoning                    5
   d - Summon Demon                   Summoning                    5
   e - Summon Forest                  Summoning/Translocation      5
   f - Summon Mana Viper              Hexes/Summoning              5
Comestibles
 c - 2 bread rations
 i - a meat ration
 p - a beef jerky


   Skills:
 + Level 1.7 Fighting
 - Level 1.7 Dodging
 + Level 2.7 Stealth
 - Level 2.0 Spellcasting
 * Level 4.9 Poison Magic


You had one spell level left.
You knew the following spells:

 Your Spells              Type           Power        Failure   Level  Hunger
a - Sting                 Conj/Pois      ##..         10%         1    #......
b - Cure Poison           Pois           ###.......   4%          2    ###....
c - Mephitic Cloud        Conj/Pois/Air  #.......     30%         3    ###....


Dungeon Overview and Level Annotations

Branches:
Dungeon (2/15)

Altars:


Innate Abilities, Weirdness & Mutations

You have large cloven feet.


Message History

The sting hits the adder.
The adder is heavily wounded.
The adder closely misses you.
You hit the adder. Your kick misses the adder.
The adder is severely wounded.
The adder closely misses you. The adder misses you.
You barely miss the adder. You kick the adder, but do no damage.
The adder is severely wounded.
The adder bites you but does no damage.
You hit the adder but do no damage. Your kick misses the adder.
The adder is severely wounded.
The adder bites you.
* * * LOW HITPOINT WARNING * * *
You barely miss the adder.
The adder is severely wounded.
The adder bites you.
* * * LOW HITPOINT WARNING * * *
You are lethally poisoned!
The adder poisons you! The adder bites you.
You die...

#..#.####### #..#.#
#.#....# #.##.##### #
### #.##.....# #.
..#.#.######.#
#..##(#.#.# #.#
#....S..#.# ##.# #
##.###@###.# ##..# ##
##..........####...####.
......†...............)<
##...##.########........
##.# #.# #...###.# #..
..# ###.#.# #.# #. ####
#.)...# #.# # #.#.###
#.# ###.#.### #.#


You could see an adder.

Vanquished Creatures
  3 gnolls (D:2)
  An adder (D:2)
  A worm (D:2)
  A giant gecko (D:2)
  5 bats
  A giant cockroach (D:2)
  5 goblins
  6 hobgoblins
  2 jackals (D:2)
  2 quokkas (D:2)
  A ball python (D:2)
  3 giant newts
  4 kobolds
  9 rats
44 creatures vanquished.

Notes
Turn   | Place    | Note
--------------------------------------------------------------
     0 | D:1      | Oddball22 the Demonspawn Venom Mage began the quest for the Orb.
     0 | D:1      | Reached XP level 1. HP: 13/13 MP: 3/3
   691 | D:1      | Gained mutation: You have large cloven feet. [demonic ancestry]
   691 | D:1      | Reached XP level 2. HP: 8/20 MP: 5/5
   695 | D:1      | Learned a level 2 spell: Cure Poison
  1529 | D:2      | Reached skill level 1 in Fighting
  1529 | D:2      | Reached XP level 3. HP: 24/26 MP: 4/6
  1534 | D:2      | Learned a level 3 spell: Mephitic Cloud
  2559 | D:2      | Reached XP level 4. HP: 4/33 MP: 0/7
  2913 | D:2      | Slain by an adder

Vault maps used:
D:1:      elethiomel_arrival_shortcut

Action                   |  1- 3 |  4- 6 || total
-------------------------+-------+-------++-------
Melee: Dagger            |    84 |    23 ||   107
       Mace              |    10 |       ||    10
       Hand axe          |     6 |       ||     6
       Unarmed           |     1 |       ||     1
 Cast: Sting             |    63 |     9 ||    72
  Use: Scroll            |     5 |       ||     5
       Potion            |     1 |     1 ||     2
 Stab: Sleeping          |     2 |       ||     2
  Eat: Chunk             |     6 |     1 ||     7
